 Dungeon Crawl Stone Soup version 0.31-a0-204-g7da18cac08 (webtiles) character file.

Game seed: 12466320513468971295

901 qw the Skirmisher (level 7, 0/40 HPs)
             Began as a Deep Elf Hunter on June 27, 2023.
             Was a Follower of Okawaru.
             Slain by Sigmund
             ... wielding a +0 scythe
              (8 damage)
             ... on level 5 of the Dungeon.
             The game lasted 00:01:27 (3594 turns).

qw the Skirmisher (Deep Elf Hunter)                 Turns: 3594, Time: 00:01:27

Health: 0/40       AC: 11    Str:  8 (10) XL:     7   Next: 80%
Magic:  8/9        EV: 11    Int: 14      God:    Okawaru [*.....]
Gold:   86         SH:  0    Dex: 18      Spells: 6/6 levels left

rFire   . . .        Y - +3 orcbow
rCold   . . .        (shield currently unavailable)
rNeg    . . .        j - +0 scale mail
rPois   .            l - +1 helmet
rElec   .            (no cloak)
rCorr   .            k - +0 pair of gloves
SInv    .            (no boots)
Will    .....        (no amulet)
Stlth   ++           (no ring)
HPRegen 0.26/turn    (no ring)
MPRegen 0.11/turn

%: no passive effects
@: lethally poisoned (0 -> -6), heroic
A: no striking features
a: Renounce Religion, Heroism


You were on level 5 of the Dungeon.
You worshipped Okawaru.
Okawaru was aware of your devotion.
You visited 2 branches of the dungeon, and saw 6 of its levels.

You collected 113 gold pieces.
You spent 27 gold pieces at shops.


   Skills:
 + Level 2.0(7.0) Fighting
 - Level 12.2(17.2) Ranged Weapons
 - Level 1.0(6.0) Armour
 - Level 2.5(7.5) Dodging
 - Level 1.2(6.2) Stealth
 + Level 0.6 Invocations


You had 6 spell levels left.
You didn't know any spells.
Your spell library was empty.

Inventory:

Hand Weapons
 Y - a +3 orcbow (weapon)
Armour
 c - a +0 ring mail
 j - a +0 scale mail (worn)
 k - a +0 pair of gloves (worn)
 l - a +1 helmet (worn)
Jewellery
 a - a ring of fire
 h - a +6 ring of dexterity
 n - a ring of ice
Scrolls
 i - 4 scrolls of identify
Potions
 b - 2 potions of curing
 d - a potion of might
 e - a potion of resistance {unknown}
 f - a potion of enlightenment
 m - a potion of haste

Dungeon Overview and Level Annotations

Branches:
Dungeon (5/15)             Temple (1/1) D:4

Altars:
Cheibriados
Dithmenos
Fedhas
Gozag
Hepliaklqana
Nemelex Xobeh
Okawaru
Qazlal
Ru
Sif Muna
Uskayaw
Vehumet
Wu Jian
Xom
Yredelemnul
Zin
The Shining One

Shops:
D:1 =   D:4 *=(*(

Annotations:
D:5 Sigmund


Message History

The arrow barely misses the water moccasin.
The water moccasin misses you.
You shoot an arrow.
The arrow barely misses the water moccasin.
The arrow hits the centaur!
The centaur is almost dead.
Something hits you. The water moccasin bites you.
The water moccasin bites you but does no damage.
3590 ||| DRINKING 2 potions of heal wounds.
You feel much better. Something hits you! The water moccasin bites you!
You are lethally poisoned!
The water moccasin poisons you!
3591 ||| DRINKING potion of heal wounds.
You feel much better.
You feel very sick.
The water moccasin bites you but does no damage.
Something hits you.
You shoot an arrow. The arrow hits the water moccasin.
The water moccasin is lightly wounded.
You feel very sick. The water moccasin bites you.
The water moccasin bites you but does no damage.
You shoot an arrow.
The arrow closely misses the water moccasin.
The arrow hits the centaur.
You kill the centaur!
Okawaru accepts your kill.
You can now gain great but temporary skills.
You feel very sick.
The water moccasin bites you but does no damage.
Something hits you!
You feel your strength returning.
Your base Ranged Weapons skill increases to level 12!
You shoot an arrow. The arrow hits the water moccasin!
The water moccasin is severely wounded.
You feel sick. The water moccasin closely misses you.
The water moccasin bites you but does no damage.
Something hits you!
You die...

.##..##...##
...###.....###.....##
...##.......#...?...#
....#.......#.......#
....#.......#.......
....##.....## .....
..#####...## .){
#..#####%#######S#######
##..............@.......
........................
...#....................
#####.##'#######+#######
## ###...##
.#####.....##
...##.......#
....#.......#
....#.......#


You could see a water moccasin.

Vanquished Creatures
  Eustachio (D:5)
  An ogre (D:4)
  A centaur (D:5)
  A scorpion (D:5)
  2 howler monkeys
  4 hounds
  A jelly (D:4)
  2 orc priests (D:4)
  2 iguanas (D:5)
  Natasha (twice) (D:2)
  An orc wizard (D:4)
  6 adders
  A worm (D:3)
  3 dart slugs
  6 orcs (D:4)
  7 ball pythons
  6 bats
  6 endoplasms
  A giant cockroach (D:4)
  3 goblins
  8 hobgoblins
  4 jackals
  9 kobolds
  5 quokkas
  A frilled lizard (D:3)
  3 rats
  A spectral kobold (D:5)
88 creatures vanquished.

Notes
Turn   | Place    | Note
-------+----------+-------------------------------------------
     0 | D:1      | qw the Deep Elf Hunter began the quest for the Orb.
     0 | D:1      | Reached XP level 1. HP: 12/12 MP: 3/3
     0 | D:1      | 0 ||| qw: Version: 0.3-a-22-g0ed2b0b
     0 | D:1      | 0 ||| qw: Game counter: 6407
     0 | D:1      | 0 ||| qw: Melee chars always use a shield: true
     0 | D:1      | 0 ||| qw: God list: Okawaru
     0 | D:1      | 0 ||| qw: Allow faded altars: false
     0 | D:1      | 0 ||| qw: Do Orc after clearing Dungeon:15 true
     0 | D:1      | 0 ||| qw: Do second Lair branch before Depths: true
     0 | D:1      | 0 ||| qw: Lair rune preference: random
     0 | D:1      | 0 ||| qw: Goals: Normal
     0 | D:1      | 0 ||| PLANNING D:1-11
   188 | D:1      | Reached XP level 2. HP: 16/16 MP: 4/4
   193 | D:1      | Reached skill level 6 in Ranged Weapons
   348 | D:1      | Found Qary's Jewellery Shoppe.
   354 | D:1      | 354 ||| SHOPLISTING +4 ring of slaying (936 gold, have 18).
   354 | D:1      | 354 ||| SHOPLISTING +5 ring of evasion (432 gold, have 18).
   354 | D:1      | 354 ||| SHOPLISTING amulet of Zafasm {RegenMP rC+ Dex+2}
                  | (578 gold, have 18).
   354 | D:1      | 354 ||| SHOPLISTING amulet of faith (480 gold, have 18).
   354 | D:1      | 354 ||| SHOPLISTING amulet of regeneration (360 gold, have
                  | 18).
   354 | D:1      | 354 ||| SHOPLISTING ring of positive energy (240 gold, have
                  | 18).
   354 | D:1      | 354 ||| SHOPLISTING ring of protection from cold (300 gold,
                  | have 18).
   354 | D:1      | 354 ||| SHOPLISTING ring of willpower (300 gold, have 18).
   660 | D:1      | 660 ||| READING scroll labelled DYLOOJY DOCEDA.
   661 | D:1      | 661 ||| READING scroll labelled RUQ XOM JENIOBIE.
   662 | D:1      | 662 ||| READING 2 scrolls labelled BUNUOM SUACK.
   663 | D:1      | 663 ||| DROPPING scroll of butterflies.
   727 | D:2      | Reached XP level 3. HP: 20/20 MP: 5/5
   769 | D:2      | 769 ||| FLEEEEING.
   774 | D:2      | 774 ||| FLEEEEING.
   775 | D:2      | 775 ||| FLEEEEING.
   776 | D:2      | 776 ||| FLEEEEING.
   777 | D:2      | 777 ||| FLEEEEING.
   778 | D:2      | 778 ||| FLEEEEING.
   782 | D:2      | 782 ||| STAIRDANCE
   819 | D:1      | 819 ||| READING scroll labelled EGITZOARIU.
   820 | D:1      | 820 ||| READING scroll labelled CEKOGEVIMAP.
   821 | D:1      | 821 ||| READING 3 scrolls of identify.
   821 | D:1      | 821 ||| IDENTIFYING amethyst potion
   822 | D:1      | 822 ||| READING 2 scrolls of identify.
   822 | D:1      | 822 ||| IDENTIFYING fuming puce potion
   877 | D:2      | Reached skill level 7 in Ranged Weapons
   916 | D:2      | You fall into a shaft and drop 2 floors!
   944 | D:4      | Found Gunwue's Assorted Antiques.
   948 | D:4      | Noticed an ogre
   956 | D:4      | Killed an ogre
   957 | D:4      | Reached skill level 8 in Ranged Weapons
   957 | D:4      | Reached XP level 4. HP: 25/25 MP: 6/6
   961 | D:4      | 961 ||| BUYING scroll labelled DABOROA OGUUS (27 gold).
   961 | D:4      | Bought a scroll labelled DABOROA OGUUS for 27 gold pieces
   961 | D:4      | 961 ||| SHOPLISTING scroll labelled MIMMAA ZUEX (27 gold,
                  | have 5).
   961 | D:4      | 961 ||| SHOPLISTING scroll labelled NUIROSM ADDIOH (27
                  | gold, have 5).
   961 | D:4      | 961 ||| SHOPLISTING scroll labelled XIOQUNYSEA (27 gold,
                  | have 5).
   961 | D:4      | 961 ||| SHOPLISTING tapered glass wand (108 gold, have 5).
   986 | D:4      | Found Logrudd's Antique Weapon Shop.
   989 | D:4      | 989 ||| SHOPLISTING arbalest (130 gold, have 5).
  1089 | D:4      | Found Zenlery's Jewellery Shoppe.
  1099 | D:4      | 1099 ||| SHOPLISTING +4 ring of protection (360 gold, have
                  | 19).
  1099 | D:4      | 1099 ||| SHOPLISTING +4 ring of slaying (780 gold, have
                  | 19).
  1099 | D:4      | 1099 ||| SHOPLISTING +5 ring of evasion (360 gold, have
                  | 19).
  1099 | D:4      | 1099 ||| SHOPLISTING amulet of faith (400 gold, have 19).
  1099 | D:4      | 1099 ||| SHOPLISTING amulet of the acrobat (300 gold, have
                  | 19).
  1099 | D:4      | 1099 ||| SHOPLISTING ring "Ronapp" {Wiz rF+ Str+2} (482
                  | gold, have 19).
  1099 | D:4      | 1099 ||| SHOPLISTING ring of Siylaudi {rN+ Int+6} (396
                  | gold, have 19).
  1099 | D:4      | 1099 ||| SHOPLISTING ring of protection from cold (250
                  | gold, have 19).
  1099 | D:4      | 1099 ||| SHOPLISTING ring of willpower (250 gold, have 19).
  1117 | D:4      | Found a staircase to the Ecumenical Temple.
  1118 | D:4      | 1118 ||| PLANNING TEMPLE
  1118 | D:4      | 1118 ||| UPGRADING to +1 helmet.
  1123 | D:4      | 1123 ||| READING scroll labelled JEUCYO FIKKU.
  1124 | D:4      | 1124 ||| READING scroll labelled VINAZAA HUVO.
  1125 | D:4      | 1125 ||| READING scroll labelled DABOROA OGUUS.
  1126 | D:4      | 1126 ||| DRINKING 2 ruby potions.
  1127 | D:4      | 1127 ||| DROPPING potion of attraction.
  1135 | Temple   | Entered the Ecumenical Temple
  1157 | Temple   | 1157 ||| PLANNING OKAWARU WORSHIP
  1229 | Temple   | Became a worshipper of Warmaster Okawaru
  1230 | Temple   | 1230 ||| PLANNING D:1-11
  1268 | D:4      | Reached XP level 5. HP: 29/29 MP: 7/7
  1327 | D:3      | Found a sparkling altar of Nemelex Xobeh.
  1414 | D:3      | Found a faded altar of an unknown god.
  1644 | D:3      | 1644 ||| DRINKING 2 coppery potions.
  1711 | D:2      | 1711 ||| SWAPPING to +0 orcbow.
  1714 | D:2      | 1714 ||| DROPPING +0 shortbow of freezing.
  1747 | D:2      | Noticed Natasha
  1749 | D:2      | Killed Natasha
  1842 | D:2      | Noticed Natasha
  1848 | D:2      | Killed Natasha
  1849 | D:2      | Reached skill level 9 in Ranged Weapons
  1915 | D:2      | 1915 ||| READING 2 scrolls labelled QUEZXIU CADWOSS.
  1916 | D:2      | 1916 ||| READING scroll of enchant weapon.
  1916 | D:2      | 1916 ||| ENCHANTING +1 orcbow.
  1917 | D:2      | 1917 ||| DRINKING 2 black potions.
  2261 | D:3      | 2261 ||| READING scroll of enchant weapon.
  2261 | D:3      | 2261 ||| ENCHANTING +2 orcbow.
  2397 | D:3      | 2397 ||| UPGRADING to +0 scale mail.
  2407 | D:3      | 2407 ||| DROPPING +0 leather armour.
  2408 | D:3      | 2408 ||| UPGRADING to +0 pair of gloves.
  2413 | D:3      | 2413 ||| DRINKING 2 smoky purple potions.
  2414 | D:3      | 2414 ||| DRINKING 2 fizzy red potions.
  2415 | D:3      | 2415 ||| DROPPING potion of degeneration.
  2461 | D:4      | Reached skill level 1 in Armour
  2530 | D:4      | Found Rytten's General Store.
  2538 | D:4      | 2538 ||| SHOPLISTING potion of haste (100 gold, have 62).
  2538 | D:4      | 2538 ||| SHOPLISTING potion of mutation (80 gold, have 62).
  2542 | D:4      | Found a hide-covered altar of Uskayaw.
  2615 | D:4      | Reached XP level 6. HP: 35/35 MP: 8/8
  2661 | D:4      | Found Runwantapt's Weapon Boutique.
  2765 | D:4      | 2765 ||| Stepping ~*~*~tactically~*~*~ (outnumbered).
  2767 | D:4      | 2767 ||| Stepping ~*~*~tactically~*~*~ (outnumbered).
  2768 | D:4      | 2768 ||| Stepping ~*~*~tactically~*~*~ (outnumbered).
  3005 | D:4      | Reached skill level 10 in Ranged Weapons
  3142 | D:4      | 3142 ||| READING 2 scrolls of identify.
  3142 | D:4      | 3142 ||| IDENTIFYING silvery potion
  3143 | D:4      | 3143 ||| DROPPING potion of brilliance.
  3213 | D:5      | Entered Level 5 of the Dungeon
  3219 | D:5      | 3219 ||| STAIRDANCE
  3227 | D:4      | Reached * piety under Okawaru
  3228 | D:4      | 3228 ||| INVOKING Heroism.
  3293 | D:5      | Noticed Eustachio
  3305 | D:5      | Killed Eustachio
  3306 | D:5      | Reached skill level 11 in Ranged Weapons
  3306 | D:5      | Reached XP level 7. HP: 40/40 MP: 9/9
  3403 | D:5      | Found a hazy altar of Hepliaklqana.
  3583 | D:5      | Noticed Sigmund
  3584 | D:5      | 3584 ||| INVOKING Heroism.
  3585 | D:5      | 3585 ||| INVOKING Heroism.
  3589 | D:5      | HP: 7/40 [something (6)]
  3589 | D:5      | HP: 2/40 [water moccasin (5)]
  3590 | D:5      | 3590 ||| DRINKING 2 potions of heal wounds.
  3591 | D:5      | 3591 ||| DRINKING potion of heal wounds.
  3594 | D:5      | Reached skill level 12 in Ranged Weapons
  3594 | D:5      | HP: 8/40 [poisoned by a water moccasin]
  3594 | D:5      | Slain by Sigmund

Levels and vault maps discovered:
D:1:      evilmike_arrival_hilbert_curve, layout_basic, serial_shops,
          nicolae_shop_tiny_real_fake_doors
D:2:      layout_rooms, uniq_natasha
D:3:      layout_loops_corners, nemelex_xobeh_ov_fountains_minmay,
          shapermc_ecumenical_altar_mp_urbaneastern
D:4:      layout_basic, mainiacjoe_overflow_tiny_flanked,
          minmay_temple_entry_glassed_door, serial_shops,
          nicolae_shop_real_fake_doors, nicolae_shop_tiny_waterfront, shop,
          nicolae_shop_statue_plus, nicolae_shop_advertising_works
          [nicolae_subvault_shop_adworks], nicolae_the_louvre
D:5:      kennysheep_six_static_rooms, layout_cave_pools,
          mainiacjoe_overflow_small_starburst,
          nicolae_hepliaklqana_monster_ancestors, lightli_temple_of_fire,
          minmay_crossroads, uniq_sigmund, uniq_eustachio
Temple:   nicolae_temple_great_sept

Skill      XL: |  1  2  3  4  5  6  7 |
---------------+----------------------+-----
Ranged Weapons | 6 8 9 11 12 | 12.2
Armour         | 1 |  1.0
Fighting       | 2 |  2.0
Dodging        | |  2.5
Stealth        | |  1.2
Invocations    | |  0.6

Action                     |  1- 3 |  4- 6 |  7- 9 || total
---------------------------+-------+-------+-------++-------
   Fire: Shortbow          |   102 |    21 |       ||   123
         Orcbow            |       |   128 |    44 ||   172
 Invoke: Heroism           |       |     1 |     1 ||     2
    Use: Scroll            |     7 |     7 |       ||    14
         Potion            |       |     5 |     2 ||     7
 Armour: Leather armour    |    10 |     3 |       ||    13
         Scale mail        |       |    72 |    16 ||    88
  Dodge: Dodged            |    32 |    34 |     6 ||    72

Table legend:
 A = Non-vault XP
 B = Vault XP
 C = Vault XP percentage of total XP
 D = Non-vault monster count
 E = Vault monster count
 F = Vault count percentage of total count
                 A         B        C        D         E       F
            +---------+---------+-------+---------+---------+-------
      Total |     814 |     474 |  36.8 |      81 |       7 |   8.0
            +---------+---------+-------+---------+---------+-------
        D:1 |      38 |       0 |   0.0 |      20 |       0 |   0.0
        D:2 |      77 |      35 |  31.2 |      18 |       1 |   5.3
        D:3 |      32 |       0 |   0.0 |      10 |       0 |   0.0
        D:4 |     516 |       0 |   0.0 |      25 |       0 |   0.0
        D:5 |     151 |     439 |  74.4 |       8 |       6 |  42.9
            +---------+---------+-------+---------+---------+-------
